Map: Apotheosis LE

Players

Neeb

  • Race: Protoss Protoss
  • League: Diamond

uThermal - Winner!

  • Race: Terran Terran
  • League: Gold

Event: IEM Season 11 - Shanghai

VOD

Have the link to the VOD?

Description

Time

  • Played on: July 30, 2016, 6:27 a.m.
  • Length: 10:51

All games in this series

Show
View Real Time Build Order
Export as new Build Order

Neeb Protoss 

Build Orders: Oracle Opening, Phoenix Opening, Mass Adepts 

Get SALT Encoding   

  12  0:00  Probe (Chrono Boost)  
  13  0:11  Probe (Chrono Boost)  
  14  0:17  Pylon  
  14  0:22  Probe (Chrono Boost)  
  15  0:35  Probe (Chrono Boost)  
  16  0:37  Gateway  
  16  0:45  Probe (Chrono Boost)  
  17  0:56  Probe (Chrono Boost)  
  18  0:57  Assimilator  
  18  1:06  Probe (Chrono Boost)  
  19  1:17  Probe (Chrono Boost)  
  20  1:27  Cybernetics Core  
  20  1:28  Probe (Chrono Boost)  
  21  1:34  Pylon  
  21  1:35  Assimilator  
  21  1:38  Probe (Chrono Boost)  
  22  1:49  Probe (Chrono Boost)  
  23  1:59  Adept  
  23  2:00  Warp Gate, Probe (Chrono Boost)  
  26  2:17  Probe (Chrono Boost)  
  26  2:24  Adept  
  26  2:28  Probe (Chrono Boost)  
  29  2:40  Probe (Chrono Boost)  
  29  2:41  Stargate  
  29  2:42  Pylon  
  31  3:03  Nexus  
  31  3:07  Probe (Chrono Boost)  
  31  3:11  Adept  
  33  3:19  Probe (Chrono Boost)  
  34  3:20  Oracle  
  37  3:35  Pylon  
  37  3:36  Probe (Chrono Boost)  
  38  3:48  Probe (Chrono Boost)  
  38  3:55  Phoenix  
  38  3:59  Probe (Chrono Boost)  
  42  4:11  Probe (Chrono Boost)  
  42  4:12  Pylon  
  42  4:13  Robotics Facility  
  43  4:17  Probe (Chrono Boost)  
  43  4:22  Phoenix  
  43  4:23  Probe (Chrono Boost)  
  46  4:32  Probe (Chrono Boost)  
  46  4:36  Probe (Chrono Boost)  
  45  4:42  Probe (Chrono Boost)  
  46  4:46  Phoenix  
  46  4:48  Gateway, Probe (Chrono Boost)  
  49  4:53  Probe (Chrono Boost)  
  49  4:54  Gateway  
  51  5:00  Probe (Chrono Boost), Observer  
  51  5:03  Probe (Chrono Boost)  
  53  5:13  Probe (Chrono Boost)  
  54  5:14  Probe (Chrono Boost)  
  54  5:15  Phoenix  
  54  5:21  Observer  
  53  5:25  Probe x2 (Chrono Boost)  
  55  5:35  Probe (Chrono Boost)  
  57  5:37  Probe (Chrono Boost)  
  57  5:47  Nexus  
  57  5:49  Probe (Chrono Boost)  
  59  5:50  Probe (Chrono Boost), Pylon  
  59  6:01  Twilight Council, Probe (Chrono Boost)  
  59  6:03  Mothership Core (Chrono Boost)  
  62  6:04  Assimilator  
  62  6:07  Forge  
  62  6:12  Probe (Chrono Boost)  
  62  6:13  Assimilator  
  62  6:17  Pylon  
  63  6:22  Probe (Chrono Boost)  
  63  6:23  Probe (Chrono Boost)  
  65  6:28  Protoss Ground Weapons Level 1  
  66  6:32  Sentry, Adept  
  66  6:33  Probe (Chrono Boost), Adept  
  66  6:34  Resonating Glaives  
  66  6:35  Probe (Chrono Boost)  
  74  6:45  Probe (Chrono Boost)  
  75  6:47  Gateway x2, Probe (Chrono Boost)  
  75  6:53  Gateway  
  75  6:57  Probe (Chrono Boost)  
  75  6:59  Immortal  
  77  7:02  Probe (Chrono Boost)  
  81  7:10  Adept x2  
  81  7:12  Adept  
  81  7:15  Probe (Chrono Boost)  
  89  7:16  Probe (Chrono Boost)  
  89  7:19  Probe (Chrono Boost)  
  90  7:31  Probe x2 (Chrono Boost), Adept x2  
  90  7:33  Adept  
  90  7:37  Immortal  
  93  7:39  Phoenix  
  99  7:47  Assimilator  
  99  7:49  Pylon  
  99  7:53  Gateway  
  99  7:54  Gateway, Adept  
  99  7:55  Adept  
  99  8:02  Pylon  
  99  8:03  Pylon  
  95  8:12  Adept  
  95  8:13  Adept x3  
  95  8:18  Phoenix  
  105  8:21  Observer  
  100  8:37  Adept x2  
  100  8:38  Adept x4  
  115  8:41  Warp Prism  
  115  8:42  Probe x3 (Chrono Boost)  
  115  8:43  Phoenix  
  119  8:54  Probe (Chrono Boost)  
  109  8:57  Probe (Chrono Boost)  
  102  9:07  Adept  
  102  9:08  Stalker x5  
  102  9:19  Adept  
  102  9:20  Adept  
  105  9:36  Sentry x2  
  105  9:53  Nexus  
  105  9:55  Pylon  
  105  9:56  Pylon  
  105  9:58  Pylon  
  105  10:02  Pylon  
  93  10:16  Adept  
  93  10:17  Adept x3  
  93  10:20  Adept x2  
  93  10:21  Adept  
  79  10:38  Adept x4  
Show
View Real Time Build Order
Export as new Build Order

uThermal Terran - Winner!

Build Orders: Cyclone Opening, MMM Bio, Banshee Rush 

Get SALT Encoding   

  12  0:01  SCV  
  13  0:13  SCV  
  14  0:18  Supply Depot  
  14  0:25  SCV  
  15  0:40  SCV  
  16  0:45  Barracks  
  16  0:48  Refinery  
  16  0:52  SCV  
  17  1:00  Refinery  
  17  1:04  SCV  
  18  1:16  SCV  
  19  1:31  Orbital Command, Reaper  
  19  1:32  Supply Depot  
  20  1:51  Factory  
  20  1:57  SCV  
  21  2:03  Reaper  
  22  2:09  SCV  
  23  2:21  SCV  
  24  2:34  SCV  
  24  2:35  Factory Tech Lab  
  24  2:36  Starport  
  25  2:40  Supply Depot  
  25  2:46  SCV  
  26  2:57  Cyclone  
  26  2:58  SCV  
  30  3:12  Command Center  
  30  3:19  Starport Tech Lab  
  30  3:20  SCV  
  31  3:32  Supply Depot, SCV  
  32  3:37  Cloaking Field  
  32  3:38  Banshee  
  35  3:44  SCV  
  35  3:46  Supply Depot  
  35  4:02  Barracks  
  35  4:03  Barracks  
  35  4:08  SCV  
  36  4:12  Widow Mine  
  38  4:20  Banshee  
  38  4:22  SCV  
  42  4:27  Orbital Command  
  40  4:34  SCV  
  37  4:38  Marine  
  37  4:39  Stimpack  
  37  4:44  Factory Tech Lab  
  38  4:47  SCV  
  38  4:51  Bunker, Barracks Reactor  
  39  4:53  SCV  
  39  4:59  SCV  
  41  5:00  Marine  
  41  5:05  SCV  
  43  5:11  SCV  
  44  5:17  SCV  
  44  5:23  SCV  
  44  5:28  Marine x2  
  44  5:29  Widow Mine, Marauder, SCV  
  44  5:35  SCV  
  50  5:39  Combat Shields  
  50  5:40  Marine  
  50  5:41  SCV  
  49  5:47  Barracks, SCV  
  49  5:48  Marine x2, Barracks  
  52  5:53  SCV  
  53  5:59  Marine, SCV  
  53  6:00  Engineering Bay, Marine  
  53  6:03  Starport Reactor  
  56  6:05  SCV  
  56  6:07  Marine x2  
  56  6:09  Factory Reactor  
  59  6:11  SCV  
  59  6:16  Marine  
  59  6:17  Supply Depot  
  59  6:18  Marine  
  62  6:20  SCV  
  62  6:23  SCV  
  62  6:28  Refinery  
  62  6:29  Terran Infantry Weapons Level 1, Marine  
  62  6:30  Marine  
  62  6:32  SCV  
  65  6:35  SCV  
  65  6:38  Supply Depot  
  66  6:40  Medivac  
  66  6:41  Medivac  
  66  6:44  Barracks Tech Lab, SCV  
  66  6:45  Marine, Barracks Reactor  
  72  6:47  Widow Mine  
  72  6:49  Widow Mine  
  72  6:51  Marine  
  77  6:55  Supply Depot, Marine  
  77  7:04  Marine  
  77  7:05  Marauder x2  
  80  7:09  Marine  
  80  7:10  Medivac  
  80  7:11  Medivac  
  80  7:15  Marine  
  86  7:16  Supply Depot  
  86  7:18  Widow Mine  
  86  7:20  Widow Mine  
  90  7:23  Liberator  
  88  7:31  Marine  
  88  7:32  Liberator, Marauder  
  88  7:36  Marine x2  
  91  7:37  Marauder  
  87  7:45  Marine x2  
  87  7:49  Marine  
  93  7:53  Widow Mine  
  93  7:54  Widow Mine  
  93  7:55  Supply Depot  
  93  7:56  Marine x2  
  93  7:57  Marine  
  100  7:59  Marine  
  101  8:05  Liberator  
  101  8:08  Marine  
  101  8:10  Marine  
  102  8:15  Supply Depot  
  102  8:16  Marine, Marauder  
  105  8:26  Marine, Marauder  
  111  8:29  Marine  
  111  8:30  Marauder  
  107  8:36  Liberator, Marine x2  
  107  8:38  Marauder  
  107  8:44  Marine  
  107  8:47  Marine x2  
  110  8:51  Marine  
  110  8:54  Marine  
  108  8:59  Marauder  
  108  9:01  Marine  
  105  9:04  Marine  
  105  9:06  Marauder  
  105  9:09  Marauder  
  109  9:10  Liberator  
  109  9:14  Marine  
  110  9:20  Widow Mine, Marauder  
  112  9:24  Marine  
  112  9:27  Marauder  
  112  9:30  Liberator  
  116  9:31  Supply Depot x2  
  116  9:32  Marine  
  116  9:33  Marine  
  116  9:34  Marine  
  116  9:35  Marine  
  120  9:44  Widow Mine  
  122  9:52  Widow Mine  
  125  9:54  Supply Depot, Marine  
  128  10:05  Marine, Marauder  
  131  10:12  Widow Mine  
  125  10:31  Marine x2  

Tags
 
Add a new tag
Caveats
  • Supply blocks, unpowered buildings, or Contaminate may cause inaccurate times.
  • Supply counts are checked every 10 seconds.